[Event "Titled Tuesday Blitz July 13 2021"]
[White "Shevelev, Dmitri"]
[Black "Weetik, Vjacheslav"]
[WhiteFideId "2802627"]
[BlackFideId "4153472"]
[WhiteElo "2262"]
[BlackElo "2469"]
[Result "1/2-1/2"]
[Round "08"]
[TimeControl "180+1"]
[Date "2021.07.13"]
[WhiteClock "0:00:48"]
[BlackClock "0:00:05"]

1. d4 d5 2. Nf3 e6 3. Nc3 Nf6 4. Bg5 Be7 5. Bxf6 gxf6 6. e4 dxe4 7. Nxe4 f5 8. Ng3 c5 9. Bb5+ Nc6 10. Qd2 Qb6 11. Bxc6+ bxc6 12. O-O-O Rb8 13. c3 O-O 14. dxc5 Qxc5 15. Rhe1 Rd8 16. Qh6 Qxc3+ 17. bxc3 Ba3+ 18. Kc2 Rb2+ 19. Kc1 Rb5+ 20. Kc2 Rb2+ 21. Kc1 Rb3+ 22. Kc2 Rb2+ 1/2-1/2


[Site "https://www.chess.com"]

[Event "Titled Tuesday Blitz July 13 2021"]
[White "Sjugirov, Sanan"]
[Black "Nabaty, Tamir"]
[WhiteFideId "4189302"]
[BlackFideId "2809052"]
[WhiteElo "2935"]
[BlackElo "2967"]
[Result "0-1"]
[Round "08"]
[TimeControl "180+1"]
[Date "2021.07.13"]
[WhiteClock "0:00:07"]
[BlackClock "0:01:27"]

1. e4 c5 2. Nf3 Nc6 3. Bb5 e6 4. Bxc6 bxc6 5. b3 Nf6 6. e5 Nd5 7. Bb2 Be7 8. O-O O-O 9. c4 Nf4 10. d3 f6 11. Qd2 fxe5 12. Bxe5 Ng6 13. Bb2 d6 14. d4 cxd4 15. Nxd4 Qc7 16. Nc3 e5 17. Nde2 Be6 18. Rad1 Rad8 19. Kh1 d5 20. cxd5 cxd5 21. Rde1 Qb7 22. Qd3 Rd7 23. f4 d4 24. Ne4 Bd5 25. N2g3 Nxf4 26. Qd1 Bh4 27. Nc5 Bxg2+ 0-1


[Site "https://www.chess.com"]

[Event "Titled Tuesday Blitz July 13 2021"]
[White "Solon, Nathan"]
[Black "Vovk, Orest"]
[WhiteFideId "2017229"]
[BlackFideId "14113490"]
[WhiteElo "2636"]
[BlackElo "2203"]
[Result "1-0"]
[Round "08"]
[TimeControl "180+1"]
[Date "2021.07.13"]
[WhiteClock "0:00:33"]
[BlackClock "0:00:08"]

1. d4 e5 2. dxe5 Nc6 3. Nf3 Qe7 4. Nc3 Nxe5 5. e4 Nf6 6. Bg5 c6 7. Nxe5 Qxe5 8. f4 Qa5 9. Bd3 Bc5 10. Qf3 Bd4 11. Kf1 Bxc3 12. bxc3 Qxc3 13. Re1 h6 14. Bh4 d6 15. e5 dxe5 16. Rxe5+ Kf8 17. Be1 Qd4 18. Bf2 Qc3 19. Bc5+ Kg8 20. Bh7+ Kxh7 21. Qxc3 Rd8 22. h3 Be6 23. Kf2 Nd5 24. Qf3 b6 25. Ba3 Nf6 26. Rhe1 Bxa2 27. Kg1 Bd5 28. Qd3+ Kg8 29. Be7 Rd7 30. Bxf6 gxf6 31. Re8+ Rxe8 32. Rxe8+ Kg7 33. Qg3+ 1-0


[Site "https://www.chess.com"]

[Event "Titled Tuesday Blitz July 13 2021"]
[White "Sonis, Francesco"]
[Black "Pajeken, Jakob Leon"]
[WhiteFideId "895733"]
[BlackFideId "12942839"]
[WhiteElo "2373"]
[BlackElo "2231"]
[Result "1-0"]
[Round "08"]
[TimeControl "180+1"]
[Date "2021.07.13"]
[WhiteClock "0:00:21"]
[BlackClock "0:00:58"]

1. d4 d5 2. c4 dxc4 3. Nf3 a6 4. a4 Nc6 5. e3 Bg4 6. Bxc4 e6 7. O-O Nf6 8. a5 Bd6 9. Nbd2 e5 10. dxe5 Nxe5 11. Qa4+ Bd7 12. Qb3 O-O 13. Nxe5 Bxe5 14. Nf3 Bd6 15. Bd2 Ne4 16. Bb4 c5 17. Bc3 Nxc3 18. bxc3 Bc6 19. Rfd1 Bxf3 20. gxf3 Qf6 21. f4 Rad8 22. Bd5 Qg6+ 23. Kh1 Rd7 24. c4 Rfd8 25. Qb2 Be7 26. Rg1 Qh6 27. Rad1 Bf6 28. Qb6 Qh4 29. Rg3 g6 30. Rdg1 Kg7 31. Qxc5 Qh5 32. Qb6 Re8 33. e4 Bd8 34. Qb2+ Kg8 35. f5 g5 36. f6 h6 37. f4 Kh7 38. e5 Qg6 39. fxg5 h5 40. Re3 Rxd5 41. cxd5 Bxa5 42. Qb1 Bd2 43. Re2 Bf4 44. e6 Bxg5 45. Qxg6+ Kxg6 46. h4 fxe6 47. Rxg5+ Kxf6 48. dxe6 Rxe6 49. Rxe6+ Kxe6 50. Rxh5 b5 51. Rh6+ Kf5 52. Rxa6 Kg4 53. Rb6 Kh5 54. Rxb5+ Kxh4 55. Rb2 Kh3 56. Rg2 Kh4 57. Kg1 Kh3 58. Kf2 Kh4 59. Kf3 Kh3 60. Rg4 Kh2 61. Kf2 Kh3 62. Rb4 Kh2 63. Rh4# 1-0


[Site "https://www.chess.com"]

[Event "Titled Tuesday Blitz July 13 2021"]
[White "Stocek, Jiri"]
[Black "Begunov, Konstantin"]
[WhiteFideId "304760"]
[BlackFideId "4118510"]
[WhiteElo "2409"]
[BlackElo "2262"]
[Result "1-0"]
[Round "08"]
[TimeControl "180+1"]
[Date "2021.07.13"]
[WhiteClock "0:00:04"]
[BlackClock "0:00:02"]

1. c4 c6 2. Nf3 d5 3. g3 Nf6 4. Bg2 Bf5 5. O-O e6 6. b3 Nbd7 7. Bb2 Bd6 8. d3 Qe7 9. Nc3 O-O 10. Qc2 e5 11. cxd5 Nxd5 12. Rac1 Nxc3 13. Bxc3 Ba3 14. Bb2 Bxb2 15. Qxb2 Rfd8 16. Rc4 Be6 17. Rc2 f6 18. b4 Bd5 19. Rfc1 Nb6 20. e4 Be6 21. d4 exd4 22. Nxd4 Na4 23. Qa1 Bf7 24. b5 Qe5 25. bxc6 bxc6 26. Nxc6 Qxa1 27. Rxa1 Re8 28. e5 Nb6 29. Rac1 Kf8 30. exf6 gxf6 31. Nd4 Rad8 32. Nf5 Re5 33. Nh6 Bg6 34. Rc7 Re7 35. Rxe7 Kxe7 36. Rc7+ Ke6 37. Bh3+ Ke5 38. Rxa7 Rd1+ 39. Kg2 Be4+ 40. f3 Rd2+ 41. Kf1 Bxf3 42. Ng4+ Bxg4 43. Bxg4 Nd5 44. Bf3 Ne3+ 45. Kg1 f5 46. Rxh7 f4 47. Rh5+ Kf6 48. gxf4 Rxa2 49. Re5 Nf5 50. Re2 1-0


[Site "https://www.chess.com"]

[Event "Titled Tuesday Blitz July 13 2021"]
[White "Stribuk, Artiom"]
[Black "Holt, Conrad"]
[WhiteFideId "13515659"]
[BlackFideId "2034387"]
[WhiteElo "2224"]
[BlackElo "2586"]
[Result "0-1"]
[Round "08"]
[TimeControl "180+1"]
[Date "2021.07.13"]
[WhiteClock "0:00:06"]
[BlackClock "0:01:28"]

1. d4 d5 2. c4 c6 3. Nf3 Nf6 4. e3 Bf5 5. Nc3 e6 6. Nh4 Bg6 7. Be2 Nbd7 8. O-O Ne4 9. g3 Nd6 10. cxd5 cxd5 11. Nxg6 hxg6 12. Bd2 Nc4 13. Bxc4 dxc4 14. e4 Nb6 15. Be3 Bb4 16. d5 Qd7 17. Bxb6 axb6 18. Qf3 e5 19. h4 Bc5 20. Kg2 b5 21. a3 Ra6 22. Rh1 Rf6 23. Qe2 Rxf2+ 24. Qxf2 Bxf2 25. Kxf2 f5 26. exf5 O-O 27. Kg2 Qxf5 28. Rae1 Qf2+ 29. Kh3 Qxb2 30. Ne4 Qd4 31. d6 c3 32. Rh2 Qd3 33. Rhe2 c2 34. Re3 Qxe3 0-1


[Site "https://www.chess.com"]

[Event "Titled Tuesday Blitz July 13 2021"]
[White "Svane, Frederik"]
[Black "Siniauski, Artsiom"]
[WhiteFideId "12923044"]
[BlackFideId "13512269"]
[WhiteElo "2459"]
[BlackElo "2210"]
[Result "1-0"]
[Round "08"]
[TimeControl "180+1"]
[Date "2021.07.13"]
[WhiteClock "0:00:08"]
[BlackClock "0:00:03"]

1. e4 e6 2. d4 d5 3. Nd2 c5 4. exd5 Qxd5 5. Ngf3 cxd4 6. Bc4 Qd8 7. O-O Nc6 8. Nb3 a6 9. Nbxd4 Nxd4 10. Nxd4 Bd6 11. Bd3 Ne7 12. Re1 O-O 13. Qh5 Ng6 14. Nf3 Bd7 15. Ng5 h6 16. Nxf7 Rxf7 17. Bxg6 Rf6 18. Bg5 Qf8 19. Bxf6 Qxf6 20. Rad1 Rf8 21. Rd2 Bc6 22. c3 Bf4 23. Rde2 e5 24. Be4 Bxe4 25. Rxe4 Be3 26. Rf1 Bxf2+ 27. Kh1 Qb6 28. Qe2 Bc5 29. Rxf8+ Bxf8 30. Rxe5 Qd6 31. Re8 Kf7 32. h3 b5 33. Re4 Kg8 34. Re8 Kf7 35. Rc8 Be7 36. Qf3+ Bf6 37. Rc6 Qe5 38. Qf1 a5 39. Rb6 Kg8 40. Rxb5 Qg3 41. Rxa5 Be5 42. Rxe5 Qxe5 43. a4 Kh8 44. Qa1 Qa5 45. b4 Qa8 46. a5 Kh7 47. a6 Kg6 48. a7 Kh5 49. b5 Kh4 50. b6 Kg3 51. Qe1+ Kf4 52. Qf2+ Kg5 53. Qg3+ Kh5 54. Qg4# 1-0


[Site "https://www.chess.com"]

[Event "Titled Tuesday Blitz July 13 2021"]
[White "Sydoryka, Vladyslav"]
[Black "Starozhilov, Leonid"]
[WhiteFideId "14145928"]
[BlackFideId "14106752"]
[WhiteElo "2200"]
[BlackElo "2414"]
[Result "0-1"]
[Round "08"]
[TimeControl "180+1"]
[Date "2021.07.13"]
[WhiteClock "0:00:02"]
[BlackClock "0:00:04"]

1. c4 Nf6 2. g3 g6 3. Bg2 Bg7 4. Nc3 O-O 5. d3 c6 6. e4 d6 7. Nge2 c5 8. d4 cxd4 9. Nxd4 Bd7 10. O-O Nc6 11. Nc2 a6 12. b3 h5 13. h3 Rc8 14. Bb2 Na5 15. Nd5 Nxd5 16. Bxg7 Kxg7 17. cxd5 Qb6 18. Qd2 Rc7 19. Rfc1 Rfc8 20. Ne3 Rxc1+ 21. Rxc1 Rxc1+ 22. Qxc1 f6 23. Qa3 Bb5 24. Qb4 Qc7 25. Qd2 b6 26. Nc2 Nb7 27. Nd4 Bd7 28. h4 Qc8 29. Bf1 b5 30. Qb4 Qc5 31. Qd2 a5 32. Kh2 b4 33. Bh3 Bxh3 34. Kxh3 Qc3 35. Ne6+ Kh7 36. Qe2 Nc5 37. Nf4 Qe5 38. f3 Qd4 39. g4 hxg4+ 40. Kxg4 Kh6 41. Kh3 Kh7 42. h5 g5 43. Ng2 Nd3 44. Qf1 Qc3 45. Kg4 Ne5+ 46. Kf5 Qc8# 0-1


[Site "https://www.chess.com"]

[Event "Titled Tuesday Blitz July 13 2021"]
[White "Taichman, Ori"]
[Black "Vivas Zamora, Fabian Ernesto"]
[WhiteFideId "2804069"]
[BlackFideId "3902480"]
[WhiteElo "2227"]
[BlackElo "1966"]
[Result "1-0"]
[Round "08"]
[TimeControl "180+1"]
[Date "2021.07.13"]
[WhiteClock "0:00:13"]
[BlackClock "0:00:02"]

1. e4 e5 2. d4 exd4 3. Qxd4 Nc6 4. Qe3 Nf6 5. Nc3 Be7 6. Bc4 O-O 7. Bd2 Ne5 8. Bb3 Neg4 9. Qe2 Bc5 10. Nh3 d5 11. f3 dxe4 12. fxg4 Bxg4 13. Qc4 e3 14. Bc1 Bd4 15. Ne2 c5 16. Ng5 b5 17. Qxb5 Nd5 18. Nxd4 Qxg5 19. Qxc5 Rad8 20. O-O Bh3 21. Bxd5 1-0


[Site "https://www.chess.com"]

[Event "Titled Tuesday Blitz July 13 2021"]
[White "Tejedor Fuente, Enrique"]
[Black "Moon_stone123"]
[WhiteFideId "2299100"]
[WhiteElo "2535"]
[BlackElo "2420"]
[Result "1-0"]
[Round "08"]
[TimeControl "180+1"]
[Date "2021.07.13"]
[WhiteClock "0:00:04"]
[BlackClock "0:00:25"]

1. e4 c6 2. d4 d5 3. Nc3 dxe4 4. Nxe4 Nf6 5. Nxf6+ exf6 6. c3 Bd6 7. Bd3 O-O 8. Ne2 Re8 9. Qc2 h5 10. O-O Nd7 11. Bf4 Nf8 12. Bxd6 Qxd6 13. Rae1 Bd7 14. Ng3 h4 15. Ne4 Qf4 16. Nc5 b6 17. g3 Qg5 18. Nxd7 Nxd7 19. Be4 Rac8 20. Qa4 Rc7 21. Bxc6 Rd8 22. Qb5 Qd2 23. Re2 Qh6 24. Rfe1 a6 25. Qd5 f5 26. Re6 fxe6 27. Rxe6 Qh5 28. Re8+ Kh7 29. Rxd8 Nf6 30. Qf3 Qg5 31. Kg2 Re7 32. Rd6 Re1 33. Qf4 Qg6 34. Qxh4+ Qh6 35. Qxh6+ Kxh6 36. Bf3 Kg5 37. h4+ Kh6 38. Rxb6 Ra1 39. Rxa6 Kh7 40. d5 Rd1 41. d6 Rd2 42. b4 Ne4 43. Bxe4 fxe4 44. Kf1 Kg6 45. d7+ Kf5 46. Ra7 Kg4 47. Ke1 Rc2 48. d8=Q Kf3 49. Qf8+ Kg2 50. Qf4 g5 51. Qxe4+ Kg1 52. Qxc2 g4 53. h5 Kg2 54. h6 Kg1 55. h7 Kg2 56. Qe4+ Kg1 57. f4 gxf3 58. Qxf3 Kh2 59. h8=Q+ Kg1 60. Qhh1# 1-0


[Site "https://www.chess.com"]

[Event "Titled Tuesday Blitz July 13 2021"]
[White "Terry, Renato"]
[Black "Cunjalo, Faris"]
[WhiteFideId "3803457"]
[BlackFideId "14410710"]
[WhiteElo "2966"]
[BlackElo "2857"]
[Result "1-0"]
[Round "08"]
[TimeControl "180+1"]
[Date "2021.07.13"]
[WhiteClock "0:00:42"]
[BlackClock "0:00:37"]

1. d4 d5 2. Bg5 f6 3. Bf4 Nc6 4. Nf3 g5 5. Bc1 g4 6. Nh4 e5 7. e3 Nge7 8. h3 h5 9. c3 Be6 10. Nd2 Bh6 11. g3 Bg5 12. hxg4 hxg4 13. Bg2 Qd7 14. Nb3 b6 15. Qe2 a5 16. a4 e4 17. Nd2 f5 18. b3 Kf7 19. Ba3 Rh7 20. O-O-O Rah8 21. Rh2 Bxh4 22. gxh4 Rxh4 23. Rxh4 Rxh4 24. Nf1 Rh2 25. Nxh2 1-0


[Site "https://www.chess.com"]

[Event "Titled Tuesday Blitz July 13 2021"]
[White "Timofeev, Artyom"]
[Black "Dowgird, Filip"]
[WhiteFideId "4140419"]
[BlackFideId "1121235"]
[WhiteElo "2582"]
[BlackElo "2209"]
[Result "1-0"]
[Round "08"]
[TimeControl "180+1"]
[Date "2021.07.13"]
[WhiteClock "0:00:56"]
[BlackClock "0:00:08"]

1. c4 e5 2. e3 Nf6 3. Nc3 Bb4 4. Nge2 O-O 5. a3 Bd6 6. Ng3 c6 7. d4 Bc7 8. d5 d6 9. e4 a5 10. Be2 Na6 11. O-O Ne8 12. Kh1 g6 13. f4 exf4 14. Bxf4 Ng7 15. Qd2 Nc5 16. Rae1 a4 17. Bh6 Qe7 18. e5 dxe5 19. Nce4 Nxe4 20. Nxe4 Ba5 21. d6 Qh4 22. Nc3 Qd4 23. Rd1 Qxd2 24. Rxd2 Be6 25. c5 Rfd8 26. Rc2 Bxc3 27. Rxc3 f5 28. Bg5 Rd7 29. g3 Bd5+ 30. Kg1 Ne6 31. Bf6 Nd4 32. Bd1 Re8 33. Re1 Nb5 34. Rd3 e4 35. Rxd5 cxd5 36. Bxa4 Rf7 37. Bxb5 Rc8 38. Bd4 b6 39. c6 1-0


[Site "https://www.chess.com"]

[Event "Titled Tuesday Blitz July 13 2021"]
[White "Tologon tegin, Semetei"]
[Black "Cunha, Lucas Aguiar"]
[WhiteFideId "13800574"]
[BlackFideId "2125404"]
[WhiteElo "2224"]
[BlackElo "2361"]
[Result "1-0"]
[Round "08"]
[TimeControl "180+1"]
[Date "2021.07.13"]
[WhiteClock "0:01:29"]
[BlackClock "0:00:01"]

1. d4 Nf6 2. c4 e6 3. Nc3 Bb4 4. e3 O-O 5. Ne2 Re8 6. a3 Bf8 7. Ng3 e5 8. dxe5 Rxe5 9. Bd3 Nc6 10. O-O d5 11. f4 Bg4 12. Qd2 Rxe3 13. Qxe3 d4 14. Qd2 dxc3 15. Qxc3 Bc5+ 16. Kh1 a5 17. h3 Bd4 18. Qc2 Bc8 19. Bd2 Ng4 20. Bxh7+ Kh8 21. Bf5 Qh4 22. Bxg4 Bxg4 23. Nf5 Qh7 24. Nxd4 f5 25. Bc3 Ne7 26. Rae1 Ng6 27. Ne6 Nh4 28. Kg1 Qg6 29. hxg4 1-0


[Site "https://www.chess.com"]

[Event "Titled Tuesday Blitz July 13 2021"]
[White "Tomb, Maroun"]
[Black "Shkapenko, Pavel"]
[WhiteFideId "5300398"]
[BlackFideId "4151933"]
[WhiteElo "2532"]
[BlackElo "2386"]
[Result "0-1"]
[Round "08"]
[TimeControl "180+1"]
[Date "2021.07.13"]
[WhiteClock "0:00:02"]
[BlackClock "0:00:09"]

1. e4 c5 2. Ne2 e6 3. Nbc3 Nc6 4. d4 cxd4 5. Nxd4 Nf6 6. Ndb5 Bb4 7. Bf4 Nxe4 8. Nc7+ Kf8 9. Nxa8 Qf6 10. Qf3 Nxc3 11. a3 Nd4 12. Bd6+ Bxd6 13. Qxc3 Nc6 14. Qxf6 gxf6 15. O-O-O Ke7 16. g3 b6 17. Bg2 Bb7 18. Nxb6 axb6 19. Rd2 Rd8 20. Rhd1 Bc7 21. f4 Na5 22. Bxb7 Nxb7 23. b4 b5 24. a4 bxa4 25. c4 d6 26. Ra2 Ra8 27. Kc2 Bb6 28. Rda1 Rc8 29. Kd3 d5 30. c5 Bxc5 31. bxc5 Nxc5+ 32. Ke2 Kd6 33. Rb1 Kc6 34. Rb4 e5 35. Ke3 d4+ 36. Kf3 Kd5 37. g4 e4+ 38. Kg3 d3 39. Kf2 f5 40. g5 Rc6 41. Ke3 h6 42. h4 hxg5 43. hxg5 f6 44. Rg2 fxg5 45. fxg5 Ke5 46. g6 f4+ 47. Kd2 Nb3+ 48. Rxb3 axb3 49. Kd1 b2 50. Rxb2 Rxg6 51. Rb6 Rxb6 0-1


[Site "https://www.chess.com"]

[Event "Titled Tuesday Blitz July 13 2021"]
[White "Tristan, Leonardo"]
[Black "Kretov, Evgenij"]
[WhiteFideId "113816"]
[BlackFideId "4167821"]
[WhiteElo "2404"]
[BlackElo "2400"]
[Result "1-0"]
[Round "08"]
[TimeControl "180+1"]
[Date "2021.07.13"]
[WhiteClock "0:01:36"]
[BlackClock "0:01:41"]

1. d4 Nf6 2. Bg5 Ne4 3. Bf4 c5 4. f3 Qa5+ 5. c3 Nf6 6. d5 Qb6 7. Bc1 e6 8. e4 exd5 9. exd5 d6 10. c4 Be7 11. Bd3 O-O 12. Ne2 Re8 13. O-O Nbd7 14. f4 Nf8 15. Nbc3 Bd7 16. b3 a6 17. h3 Qa5 18. Bd2 Rab8 19. Ng3 Qc7 20. Qc2 b5 21. Rae1 bxc4 22. bxc4 Qb7 23. Bc1 Bd8 24. Nge4 Nxe4 25. Nxe4 Bc7 26. f5 Qb4 27. f6 g6 28. a3 Qb3 29. Qd2 1-0


[Site "https://www.chess.com"]

[Event "Titled Tuesday Blitz July 13 2021"]
[White "Vasquez Schroeder, Rodrigo"]
[Black "Le, Tuan Minh"]
[WhiteFideId "3400042"]
[BlackFideId "12401153"]
[WhiteElo "2572"]
[BlackElo "2450"]
[Result "1-0"]
[Round "08"]
[TimeControl "180+1"]
[Date "2021.07.13"]
[WhiteClock "0:00:40"]
[BlackClock "0:00:05"]

1. e4 c5 2. Nf3 Nf6 3. e5 Nd5 4. Nc3 e6 5. Nxd5 exd5 6. d4 Nc6 7. dxc5 Bxc5 8. Bd3 d6 9. exd6 Qxd6 10. O-O O-O 11. Ng5 h6 12. Qh5 Nb4 13. Bh7+ Kh8 14. c3 Nc6 15. Bc2 Be6 16. Nh7 Rg8 17. Nf6 Qe5 18. Qxe5 Nxe5 19. Nxg8 Kxg8 20. h3 Rc8 21. Re1 Nc4 22. b3 Nb6 23. Bd2 a6 24. Bd3 Nd7 25. Rac1 Ba3 26. Rc2 Nc5 27. Be2 Bf5 28. Rcc1 Bxc1 29. Rxc1 Bd3 30. Bd1 Bg6 31. Be3 Ne4 32. c4 dxc4 33. bxc4 Nd6 34. Be2 Nf5 35. Bb6 Rc6 36. c5 Nd4 37. Bc4 Bf5 38. Rd1 Ne6 39. Bd5 Rxc5 40. Bxe6 Rb5 41. Bxf5 Rxf5 42. a4 Rf6 43. a5 Rc6 44. Rd7 Rc1+ 45. Kh2 Rc8 46. Rxb7 h5 47. Ra7 1-0


[Site "https://www.chess.com"]

[Event "Titled Tuesday Blitz July 13 2021"]
[White "Vlassov, Nikolai"]
[Black "Yuan, Qingyu"]
[WhiteFideId "4103360"]
[BlackFideId "8609772"]
[WhiteElo "2407"]
[BlackElo "2359"]
[Result "0-1"]
[Round "08"]
[TimeControl "180+1"]
[Date "2021.07.13"]
[WhiteClock "0:00:01"]
[BlackClock "0:00:06"]

1. e4 c5 2. c3 Nf6 3. e5 Nd5 4. d4 cxd4 5. cxd4 d6 6. Bc4 Nb6 7. Bb3 dxe5 8. Qh5 e6 9. dxe5 g6 10. Qg5 Qxg5 11. Bxg5 Bg7 12. f4 h6 13. Bh4 g5 14. fxg5 Bxe5 15. Nc3 Nc6 16. Nf3 Bg7 17. O-O Bd7 18. Ne4 Na5 19. gxh6 Rxh6 20. Nd6+ Kf8 21. Bf2 Bc6 22. Ng5 Rg6 23. Ndxf7 Bf6 24. h4 Nd5 25. Nd6 Nf4 26. Bc5 Nxb3 27. axb3 e5 28. g3 Nd3 29. Ba3 Kg8 30. Rad1 Bxg5 31. hxg5 e4 32. Rf5 Rd8 33. Nf7 Rd5 34. Nh6+ Kh7 35. Rf7+ Rg7 36. Rxg7+ Kxg7 37. Be7 e3 38. Bf6+ Kg6 39. Kf1 Bb5 0-1


[Site "https://www.chess.com"]

[Event "Titled Tuesday Blitz July 13 2021"]
[White "Vyatkin, Dmitry"]
[Black "Bugayev, Vladimir"]
[WhiteFideId "4171900"]
[BlackFideId "30901480"]
[WhiteElo "2279"]
[BlackElo "2351"]
[Result "1/2-1/2"]
[Round "08"]
[TimeControl "180+1"]
[Date "2021.07.13"]
[WhiteClock "0:00:37"]
[BlackClock "0:00:10"]

1. d4 Nf6 2. c4 c5 3. d5 b5 4. cxb5 a6 5. bxa6 Bxa6 6. Nc3 d6 7. g3 g6 8. Bg2 Bg7 9. Nf3 O-O 10. O-O Nbd7 11. Rb1 Qa5 12. Bd2 Bb7 13. b3 Qa6 14. e4 Ng4 15. a4 Qb6 16. h3 Nge5 17. Qc2 Ba6 18. Nb5 Bxb5 19. axb5 Qxb5 20. b4 Nxf3+ 21. Bxf3 Ne5 22. Bg2 c4 23. Bc3 Rfc8 24. Ra1 Rxa1 25. Rxa1 Nd3 26. Bxg7 Kxg7 27. Bf1 Nxb4 28. Qc3+ f6 29. Rb1 Rb8 30. Qxc4 Qxc4 31. Bxc4 Na6 32. Rxb8 Nxb8 33. Bb5 Kf7 34. Kg2 e5 35. f4 Ke7 36. fxe5 fxe5 37. Kf3 h6 38. Kg4 Nd7 39. Bxd7 Kxd7 40. h4 Ke7 41. h5 Kf6 42. hxg6 Kxg6 43. Kh4 Kf6 44. Kh5 Kg7 45. Kg4 Kg6 46. Kh4 Kf6 47. Kh5 Kg7 48. g4 Kh7 49. g5 hxg5 50. Kxg5 Kg7 51. Kf5 Kf7 52. Kg5 Kg7 53. Kf5 Kf7 54. Kg5 Kg7 1/2-1/2


[Site "https://www.chess.com"]

[Event "Titled Tuesday Blitz July 13 2021"]
[White "Wagner, Dennis"]
[Black "Baskin, Robert"]
[WhiteFideId "24650684"]
[BlackFideId "24662402"]
[WhiteElo "2355"]
[BlackElo "2462"]
[Result "0-1"]
[Round "08"]
[TimeControl "180+1"]
[Date "2021.07.13"]
[WhiteClock "0:00:10"]
[BlackClock "0:00:03"]

1. Nf3 Nf6 2. b3 d5 3. Bb2 e6 4. g3 Be7 5. Bg2 O-O 6. O-O c5 7. e3 Nc6 8. c4 d4 9. exd4 cxd4 10. d3 Ne8 11. Re1 f6 12. Ba3 Bxa3 13. Nxa3 Nc7 14. Nc2 e5 15. b4 a5 16. b5 Ne7 17. Nd2 Ne6 18. Qc1 Nc5 19. Qa3 Qc7 20. Ne4 Nxe4 21. Bxe4 Bf5 22. b6 Qd7 23. Rab1 Bxe4 24. Rxe4 Nc6 25. Rb5 Rad8 26. Rd5 Qe6 27. Qc5 Rxd5 28. cxd5 Qe7 29. Qc4 Nb4 30. Nxd4 Qd7 31. d6+ Kh8 32. Ne6 Rc8 33. Nc5 Qxd6 34. Nxb7 Qb8 35. Nd6 Rc6 36. Nf7+ Kg8 37. Nh6+ Kh8 38. Nf7+ Kg8 39. Qb3 Kf8 40. Rc4 Rxc4 41. Qxc4 Qxb6 42. Nh8 Qb7 43. Qg8+ Kxg8 0-1


[Site "https://www.chess.com"]

[Event "Titled Tuesday Blitz July 13 2021"]
[White "Weinstein, Norman"]
[Black "Dudzinski, Pawel"]
[WhiteFideId "2000466"]
[BlackFideId "1117890"]
[WhiteElo "2514"]
[BlackElo "2193"]
[Result "1-0"]
[Round "08"]
[TimeControl "180+1"]
[Date "2021.07.13"]
[WhiteClock "0:01:22"]
[BlackClock "0:00:16"]

1. e4 c6 2. d4 d5 3. exd5 cxd5 4. c4 Nf6 5. Nc3 e6 6. Nf3 Bb4 7. cxd5 Nxd5 8. Qc2 Nc6 9. Bd3 Be7 10. a3 Nf6 11. O-O O-O 12. Be3 b6 13. Ne4 Bb7 14. Nxf6+ Bxf6 15. Bxh7+ Kh8 16. Be4 Rc8 17. Qd3 Qd7 18. Rad1 Rfd8 19. Rfe1 Ne7 20. Bg5 Kg8 21. h3 Bxe4 22. Qxe4 Qd5 23. Qh4 Nf5 24. Qg4 Bxg5 25. Qxg5 Rc4 26. Qf4 Nxd4 27. Kh1 f6 28. b3 Rc3 29. Rxd4 1-0


[Site "https://www.chess.com"]

[Event "Titled Tuesday Blitz July 13 2021"]
[White "Yeletsky, Ivan"]
[Black "Khanin, Semen"]
[WhiteFideId "24180327"]
[BlackFideId "4111990"]
[WhiteElo "2344"]
[BlackElo "2521"]
[Result "0-1"]
[Round "08"]
[TimeControl "180+1"]
[Date "2021.07.13"]
[WhiteClock "0:00:02"]
[BlackClock "0:00:13"]

1. d4 Nf6 2. c4 e6 3. Nf3 Bb4+ 4. Bd2 Bxd2+ 5. Qxd2 O-O 6. Nc3 d5 7. g3 c6 8. Bg2 Nbd7 9. b3 b6 10. O-O Bb7 11. cxd5 cxd5 12. Rfc1 Qe7 13. e3 Rfc8 14. a4 Qb4 15. Qb2 Ba6 16. Na2 Qd6 17. b4 Bc4 18. Nc3 a5 19. b5 Bd3 20. Qd2 Bg6 21. Nh4 Rc4 22. Nxg6 hxg6 23. Bf1 Rc7 24. f3 Rac8 25. Ne2 g5 26. g4 e5 27. dxe5 Nxe5 28. Nd4 g6 29. Rxc7 Rxc7 30. Rc1 Rc5 31. Be2 Nfd7 32. Rd1 Qc7 33. Kg2 Nf6 34. h3 Nc4 35. Bxc4 Rxc4 36. Nc6 Rxa4 37. Qc3 Ra2+ 38. Rd2 Rxd2+ 39. Qxd2 Qd6 40. Qd4 Nd7 41. e4 Nc5 42. exd5 a4 43. Qe3 Qf6 44. Qe8+ Kg7 45. Ne7 a3 46. Qg8+ Kh6 47. Qf8+ Qg7 48. Qa8 Qb2+ 49. Kg3 a2 50. Ng8+ Kg7 51. Ne7 a1=Q 52. Qg8+ Kh6 53. Qf8+ Qg7 54. Ng8+ Kh7 0-1


[Site "https://www.chess.com"]

[Event "Titled Tuesday Blitz July 13 2021"]
[White "Zhigalko, Sergei"]
[Black "Madaminov, Mukhiddin"]
[WhiteFideId "13502956"]
[BlackFideId "14210703"]
[WhiteElo "2662"]
[BlackElo "1747"]
[Result "0-1"]
[Round "08"]
[TimeControl "180+1"]
[Date "2021.07.13"]
[WhiteClock "0:00:01"]
[BlackClock "0:00:21"]

1. e4 e5 2. Nf3 Nc6 3. Bc4 Bc5 4. b4 Bxb4 5. c3 Ba5 6. d4 exd4 7. O-O Nge7 8. Ng5 d5 9. Nxf7 Kxf7 10. exd5 Ne5 11. Bb3 Qd6 12. Ba3 Qg6 13. d6+ Ke8 14. cxd4 Bh3 15. g3 Bxf1 16. dxe5 Qd3 17. Qg4 Nf5 18. Be6 cxd6 19. Bxf5 Be2 20. Bxd3 Bxg4 21. Bxd6 Rc8 22. Na3 Rc3 23. Bb5+ Bd7 24. Bxd7+ Kxd7 25. Nb5 Rc2 26. Rd1 Rd2 27. Rc1 a6 28. Na3 Rc8 0-1


[Site "https://www.chess.com"]

[Event "Titled Tuesday Blitz July 13 2021"]
[White "Zubov, Alexander"]
[Black "David, Alexandru-Vasile"]
[WhiteFideId "14109409"]
[BlackFideId "1223453"]
[WhiteElo "2740"]
[BlackElo "2393"]
[Result "1-0"]
[Round "08"]
[TimeControl "180+1"]
[Date "2021.07.13"]
[WhiteClock "0:00:46"]
[BlackClock "0:00:01"]

1. d4 d5 2. c4 e6 3. Nf3 a6 4. cxd5 exd5 5. Nc3 Nf6 6. Bf4 c6 7. e3 Bd6 8. Bg3 Bf5 9. Qb3 Ra7 10. Nh4 Bg6 11. Be2 O-O 12. Nxg6 hxg6 13. Qc2 Re8 14. Bd3 Qe7 15. Bxd6 Qxd6 16. h3 Nbd7 17. O-O g5 18. Qe2 g6 19. g3 Kg7 20. Kg2 Raa8 21. Rad1 Re7 22. a3 Rae8 23. Qc2 Qe6 24. Rh1 Nb6 25. b3 Nc8 26. Na4 Nd6 27. Nc5 Qc8 28. Rc1 Nfe4 29. Nxe4 Nxe4 30. b4 Qb8 31. Bxe4 Rxe4 32. a4 f5 33. b5 axb5 34. axb5 R4e6 35. Rb1 Qc7 36. Rhd1 f4 37. exf4 gxf4 38. Rd3 Re2 39. Qc3 Qe7 40. Rf1 Qe4+ 41. Kg1 Re6 42. Rf3 Rc2 43. Qb3 fxg3 44. Rxg3 Kh6 45. Rg4 Qf5 46. bxc6 bxc6 47. Rh4+ Kg5 48. Qg3+ 1-0


[Site "https://www.chess.com"]

[Event "Titled Tuesday Blitz July 13 2021"]
[White "Zubritskiy, Artyom"]
[Black "Bazeev, German"]
[WhiteFideId "4181247"]
[BlackFideId "24119350"]
[WhiteElo "2559"]
[BlackElo "2462"]
[Result "0-1"]
[Round "08"]
[TimeControl "180+1"]
[Date "2021.07.13"]
[WhiteClock "0:00:01"]
[BlackClock "0:00:10"]

1. d4 Nf6 2. c4 d6 3. Nf3 Bg4 4. Nbd2 Nbd7 5. g3 e5 6. Bg2 c6 7. Qc2 Be7 8. O-O O-O 9. b3 a5 10. Bb2 Qc7 11. c5 Rfe8 12. cxd6 Bxd6 13. Nc4 Bxf3 14. Bxf3 exd4 15. Bxd4 Ne5 16. Bxe5 Bxe5 17. Rad1 Rad8 18. e3 h5 19. Rxd8 Rxd8 20. Rd1 Rxd1+ 21. Qxd1 h4 22. Qd2 hxg3 23. hxg3 g6 24. Qxa5 Bxg3 25. fxg3 Qxg3+ 26. Bg2 Ng4 27. Qd8+ Kh7 28. Qd2 b5 29. Nd6 Nxe3 30. Ne4 Qf4 31. Qf2 Nxg2 32. Qxg2 Kg7 33. Ng3 Qc1+ 34. Kh2 c5 35. Nf1 c4 36. bxc4 bxc4 37. Qf2 c3 38. Ne3 Qb2 39. Kg2 Qb7+ 40. Qf3 Qa6 41. Qf2 Qc6+ 42. Qf3 Qa4 43. Qf2 Qa5 44. Qe2 Qg5+ 45. Kf2 f5 46. Nc2 Qf4+ 47. Ke1 Qc1+ 48. Kf2 Kf6 49. Kg2 Qg5+ 50. Kf2 Qh4+ 51. Kf3 Qh3+ 0-1


[Site "https://www.chess.com"]